Map: Neon Violet Square LE

Players

Storma

  • Race: Zerg Zerg
  • League: Silver
  • Spawn Location: 11:00

Juxtapose - Winner!

  • Race: Zerg Zerg
  • League: Gold
  • Spawn Location: 5:00

VOD

https://youtu.be/A05-xVznGtA

Description

Skipping out on the early Zergling aggression in Zerg vs Zerg and going almost straight for Roaches really has paid off strongly for me in the match up.

Time

  • Played on: Dec. 10, 2017, 6:31 p.m.
  • Length: 7:21
Show
View Real Time Build Order
Export as new Build Order

Storma Zerg 

Build Orders: Hatch First 

Get SALT Encoding   

  12  0:01  Drone  
  13  0:08  Drone  
  14  0:18  Overlord  
  14  0:25  Overlord  
  14  0:36  Drone x2  
  16  0:45  Drone  
  17  0:55  Drone  
  18  1:09  Drone  
  19  1:14  Hatchery  
  19  1:17  Drone  
  19  1:30  Extractor, Drone, Spawning Pool  
  18  1:38  Drone  
  19  1:49  Drone  
  20  2:01  Drone  
  21  2:11  Drone  
  22  2:17  Queen  
  22  2:19  Spine Crawler  
  22  2:21  Drone  
  24  2:26  Zergling x2  
  25  2:31  Metabolic Boost  
  25  2:32  Zergling x2  
  26  2:37  Drone  
  26  2:43  Zergling x2  
  28  2:49  Zergling x2  
  29  2:51  Spine Crawler  
  29  2:53  Drone, Queen  
  29  2:56  Queen  
  33  3:01  Zergling x2  
  34  3:06  Zergling x2  
  34  3:11  Zergling x2  
  36  3:15  Baneling Nest  
  36  3:16  Zergling x2  
  36  3:21  Overlord  
  36  3:24  Extractor  
  35  3:29  Drone  
  36  3:39  Drone x3  
  39  4:00  Evolution Chamber  
  39  4:01  Evolution Chamber  
  36  4:08  Zergling x8  
  36  4:09  Zergling x4  
  38  4:27  Zergling x2  
  38  4:28  Zergling x10  
  41  4:40  Lair  
  41  4:43  Zerg Melee Weapons Level 1  
  41  4:45  Roach Warren  
  40  4:46  Drone  
  40  4:47  Drone  
  40  4:52  Drone x2  
  44  5:06  Overlord x2  
  44  5:11  Baneling  
  44  5:12  Baneling x4  
  44  5:37  Drone, Hatchery  
  44  5:53  Glial Reconstitution  
  44  5:54  Roach  
  46  5:58  Drone x3, Extractor x2  
  46  6:00  Overseer  
  47  6:06  Spore Crawler  
  46  6:11  Spore Crawler  
  46  6:12  Drone  
  46  6:20  Drone x3  
  46  6:23  Drone  
  51  6:25  Drone  
  44  6:39  Zergling x2  
  44  6:40  Zergling x8  
  44  6:44  Zergling x4  
  43  6:49  Zergling x8  
  46  6:59  Zergling x4  
Show
View Real Time Build Order
Export as new Build Order

Juxtapose Zerg - Winner!

Build Orders: Hatch First 

Get SALT Encoding   

  12  0:01  Drone  
  13  0:09  Drone  
  14  0:19  Overlord  
  14  0:38  Drone x2  
  16  0:55  Hatchery  
  16  0:56  Drone  
  16  1:03  Extractor  
  16  1:04  Drone  
  16  1:18  Spawning Pool  
  16  1:22  Drone  
  16  1:29  Overlord  
  16  1:34  Drone  
  16  1:38  Drone  
  18  1:45  Drone  
  19  1:56  Drone  
  20  2:04  Queen  
  20  2:07  Zergling x4  
  24  2:17  Queen  
  24  2:19  Zergling x2  
  27  2:23  Drone  
  27  2:28  Extractor  
  27  2:31  Drone x2  
  29  2:39  Drone  
  30  2:49  Drone x2  
  32  2:59  Overlord  
  32  3:01  Drone x2  
  34  3:14  Roach Warren  
  34  3:18  Drone x4  
  37  3:20  Drone  
  37  3:24  Queen  
  40  3:36  Spine Crawler  
  40  3:39  Spine Crawler  
  37  3:50  Drone x4  
  37  3:52  Overlord  
  37  3:55  Drone  
  37  4:14  Roach x4  
  37  4:15  Roach x2  
  47  4:28  Roach  
  47  4:29  Roach  
  51  4:32  Overlord  
  51  4:50  Queen x2  
  55  4:52  Evolution Chamber  
  54  5:03  Roach x2  
  54  5:04  Roach  
  60  5:07  Overlord  
  60  5:08  Extractor  
  59  5:25  Overlord  
  59  5:26  Roach x2  
  59  5:27  Roach x2  
  67  5:39  Drone  
  67  5:41  Overlord  
  68  5:46  Drone x3  
  71  5:54  Lair  
  71  6:05  Extractor  
  71  6:06  Roach x6  
  82  6:24  Drone x2  
  84  6:26  Overlord  
  76  6:40  Roach x2  
  76  6:41  Roach x2  
Tags
 
Add a new tag
Caveats
  • Supply blocks, unpowered buildings, or Contaminate may cause inaccurate times.
  • Supply counts are checked every 10 seconds.